 Dungeon Crawl Stone Soup version 0.23.0-3-gf3c87f2 (webtiles) character file.

Game seed: 17867566370997865039

690 vishdafish the Charmwright (level 7, -1/56 HPs)
             Began as a Gnoll Skald on Feb 20, 2019.
             Was an Initiate of Yredelemnul.
             Slain by a hornet zombie (9 damage)
             ... on level 6 of the Dungeon.
             The game lasted 00:07:49 (4032 turns).

vishdafish the Charmwright (Gnoll Skald)            Turns: 4032, Time: 00:07:49

Health: -1/56      AC:  8    Str: 14    XL:     7   Next: 63%
Magic:  6/15       EV: 15    Int: 17    God:    Yredelemnul [......]
Gold:   156        SH:  0    Dex: 16    Spells: 12/17 levels left

rFire    . . .     SeeInvis .   q - +0 trident
rCold    + . .     Gourm    .   (no shield)
rNeg     . . .     Faith    .   r - +3 leather armour of Zilumotu {Dex+2}
rPois    .         Spirit   .   (no helmet)
rElec    .         Reflect  .   (no cloak)
rCorr    .         Harm     .   (no gloves)
MR       +....                  (no boots)
Stlth    ++........             (no amulet)
HPRegen  0.18/turn              (no ring)
MPRegen  0.14/turn              (no ring)

@: infused
A: distributed training, fangs 1, thin metallic scales 1, cold resistance 1,
magic resistance 1, strong nose
a: Renounce Religion


You were on level 6 of the Dungeon.
You worshipped Yredelemnul.
Yredelemnul was noncommittal.
You were not hungry.

You visited 2 branches of the dungeon, and saw 7 of its levels.

You collected 156 gold pieces.

Inventory:

Hand Weapons
 a - a +0 falchion
 h - a +1 mace of crushing
 q - a +0 trident (weapon)
Armour
 b - a +0 leather armour
 r - the +3 leather armour of Zilumotu (worn) {Dex+2}
   (You found it on level 4 of the Dungeon)

   It affects your dexterity (+2).
Wands
 p - a wand of iceblast (7)
Scrolls
 e - 3 scrolls of teleportation
 i - 3 scrolls of magic mapping
 k - a scroll of enchant weapon
 l - 2 scrolls of enchant armour
 m - 5 scrolls of remove curse
 n - a scroll of fear {unknown}
 t - a scroll of noise {unknown}
 u - a scroll of fog {unknown}
Potions
 c - 3 potions of agility
 o - 2 potions of cancellation {unknown}
 s - a potion of might {unknown}
Comestibles
 d - 6 rations


   Skills:
 + Level 5.3 Fighting
 + Level 2.5 Short Blades
 + Level 5.3 Long Blades
 + Level 2.5 Axes
 + Level 2.5 Maces & Flails
 + Level 2.5 Polearms
 + Level 2.5 Staves
 + Level 2.5 Slings
 + Level 2.5 Bows
 + Level 2.5 Crossbows
 + Level 2.5 Throwing
 + Level 3.7 Armour
 + Level 5.3 Dodging
 + Level 2.5 Stealth
 + Level 2.5 Shields
 + Level 2.5 Unarmed Combat
 + Level 5.6 Spellcasting
 + Level 2.1 Conjurations
 + Level 2.1 Hexes
 + Level 5.8 Charms
 + Level 2.1 Summonings
 + Level 2.1 Necromancy
 + Level 2.1 Translocations
 + Level 2.1 Transmutations
 + Level 2.1 Fire Magic
 + Level 2.1 Ice Magic
 + Level 2.1 Air Magic
 + Level 2.1 Earth Magic
 + Level 2.1 Poison Magic
 + Level 2.8 Invocations
 + Level 2.5 Evocations


You had 12 spell levels left.
You knew the following spells:

 Your Spells              Type           Power        Failure   Level  Hunger
a - Infusion              Chrm           ###.         1%          1    None
b - Song of Slaying       Chrm           ###.....     2%          2    #......
c - Shroud of Golubria    Chrm/Tloc      ###.......   4%          2    #......

Your spell library contained the following spells:

 Spells                   Type           Power        Failure   Level  Hunger
 Magic Dart               Conj           ##..         7%          1    None
 Regeneration             Chrm/Necr      ###.......   10%         3    ##.....
 Spectral Weapon          Hex/Chrm       ###.....     10%         3    ##.....
 Blink                    Tloc           N/A          11%         2    #......
 Call Imp                 Summ           ##......     11%         2    #......
 Slow                     Hex            ##......     11%         2    #......
 Conjure Flame            Conj/Fire      ##......     21%         3    ##.....
 Mephitic Cloud           Conj/Pois/Air  ##......     21%         3    ##.....


Dungeon Overview and Level Annotations

Branches:
Dungeon (6/15)             Temple (1/1) D:5

Altars:
Ashenzari
Cheibriados
Dithmenos
Fedhas
Gozag
Hepliaklqana
Nemelex Xobeh
Qazlal
Ru
Sif Muna
Uskayaw
Wu Jian
Xom
Yredelemnul
Zin
The Shining One

Annotations:
D:5 Edmund, Eustachio, Prince Ribbit


Innate Abilities, Weirdness & Mutations

Your experience applies equally to all skills.
You have very sharp teeth.
Your uncanny sense of smell can sniff out nearby items.
You are partially covered in thin metallic scales. (AC +2)
Your flesh is cold resistant. (rC+)
You are resistant to hostile enchantments. (MR+)


Message History

The hornet zombie is almost destroyed.
The hornet zombie barely misses you.
The hornet zombie hits you but does no damage.
You hit the hornet zombie.
The hornet zombie is almost destroyed.
The hornet zombie hits you but does no damage.
You hit the hornet zombie.
The hornet zombie is almost destroyed.
The hornet zombie hits you but does no damage. x2
You barely miss the hornet zombie.
The hornet zombie is almost destroyed.
You feel less wooden.
The +3 leather armour of Zilumotu {Dex+2} unmelds from your body.
The hound bites you but does no damage. The hornet zombie hits you.
* * * LOW HITPOINT WARNING * * *
You feel better. The hound bites you.
* * * LOW HITPOINT WARNING * * *
The hornet zombie hits you!
You die...
Your body rises from the dead as a mindless zombie.

#.#.......###
#....._.....# ....
###.......#.#####...#.
##.....##...........
##...## ##........
##.## #........
#.##### #........
#.....###........
##.....##@Z......
#........h......
#...........####
##...#.####.# #.###..#
.# #.# ##.# . #.# ##.
# ## ##


You could see a hound and a hornet zombie.

Vanquished Creatures
  2 ogres (D:4)
  A wyvern skeleton (D:6)
  A scorpion (D:6)
  A crimson imp (D:3)
  A hound (D:5)
  An orc wizard (D:4)
  Natasha (D:3)
  Jessica (D:3)
  2 iguanas
  2 worker ants (D:4)
  10 adders
  2 oozes
  A worm (D:3)
  2 dart slugs (D:1)
  5 leopard geckos
  6 orcs
  4 giant cockroaches
  6 goblins
  6 hobgoblins
  2 jackals (D:3)
  3 quokkas
  3 ball pythons
  3 bats
  2 frilled lizards
  A jackal zombie (D:6)
  6 kobolds
  2 leopard gecko skeletons (D:4)
  A leopard gecko zombie (D:6)
  8 rats
86 creatures vanquished.

Notes
Turn   | Place    | Note
-------+----------+-------------------------------------------
     0 | D:1      | vishdafish the Gnoll Skald began the quest for the Orb.
     0 | D:1      | Reached XP level 1. HP: 20/20 MP: 6/6
    57 | D:1      | Reached XP level 2. HP: 17/26 MP: 7/7
   703 | D:1      | Reached XP level 3. HP: 31/31 MP: 9/9
   932 | D:2      | Found a shadowy altar of Dithmenos.
   937 | D:2      | Reached skill level 5 in Spellcasting
   950 | D:1      | Reached skill level 1 in Invocations
  1246 | D:2      | Reached skill level 1 in Short Blades
  1246 | D:2      | Reached skill level 1 in Axes
  1246 | D:2      | Reached skill level 1 in Maces & Flails
  1246 | D:2      | Reached skill level 1 in Polearms
  1246 | D:2      | Reached skill level 1 in Staves
  1246 | D:2      | Reached skill level 1 in Slings
  1246 | D:2      | Reached skill level 1 in Bows
  1246 | D:2      | Reached skill level 1 in Crossbows
  1246 | D:2      | Reached skill level 1 in Throwing
  1246 | D:2      | Reached skill level 1 in Stealth
  1246 | D:2      | Reached skill level 1 in Shields
  1246 | D:2      | Reached skill level 1 in Unarmed Combat
  1246 | D:2      | Reached skill level 1 in Evocations
  1246 | D:2      | Reached XP level 4. HP: 32/38 MP: 11/11
  1414 | D:2      | Found a deep blue altar of Sif Muna.
  1597 | D:2      | Found a shattered altar of Ashenzari.
  1831 | D:3      | Reached skill level 1 in Conjurations
  1831 | D:3      | Reached skill level 1 in Hexes
  1831 | D:3      | Reached skill level 1 in Summonings
  1831 | D:3      | Reached skill level 1 in Necromancy
  1831 | D:3      | Reached skill level 1 in Translocations
  1831 | D:3      | Reached skill level 1 in Transmutations
  1831 | D:3      | Reached skill level 1 in Fire Magic
  1831 | D:3      | Reached skill level 1 in Ice Magic
  1831 | D:3      | Reached skill level 1 in Air Magic
  1831 | D:3      | Reached skill level 1 in Earth Magic
  1831 | D:3      | Reached skill level 1 in Poison Magic
  1908 | D:3      | Reached XP level 5. HP: 24/43 MP: 12/12
  2100 | D:3      | Gained mutation: Your flesh is cold resistant. (rC+)
                  | [potion of mutation]
  2100 | D:3      | Gained mutation: You are resistant to hostile enchantments.
                  | (MR+) [potion of mutation]
  2100 | D:3      | Gained mutation: You are partially covered in thin metallic
                  | scales. (AC +2) [potion of mutation]
  2109 | D:3      | Noticed Natasha
  2120 | D:3      | Killed Natasha
  2332 | D:3      | Noticed Jessica
  2336 | D:3      | Killed Jessica
  2395 | D:3      | Learned a level 2 spell: Song of Slaying
  2398 | D:3      | Learned a level 2 spell: Shroud of Golubria
  2441 | D:3      | Found a hide-covered altar of Uskayaw.
  2493 | D:4      | Reached XP level 6. HP: 12/50 MP: 11/13
  2787 | D:4      | Reached skill level 5 in Fighting
  2787 | D:4      | Reached skill level 5 in Long Blades
  2787 | D:4      | Reached skill level 5 in Dodging
  2983 | D:4      | Got a bloodstained leather armour
  2994 | D:4      | Identified the +3 leather armour of Zilumotu {Dex+2} (You
                  | found it on level 4 of the Dungeon)
  3043 | D:4      | Reached XP level 7. HP: 44/56 MP: 7/15
  3190 | D:4      | Found a blossoming altar of Fedhas.
  3392 | D:5      | Entered Level 5 of the Dungeon
  3398 | D:5      | Found a staircase to the Ecumenical Temple.
  3424 | D:5      | Noticed Edmund
  3451 | Temple   | Entered the Ecumenical Temple
  3487 | Temple   | Became a worshipper of Yredelemnul the Dark
  3539 | D:5      | Noticed Prince Ribbit
  3566 | D:5      | Found a glowing silver altar of Zin.
  3588 | D:5      | Found an opulent altar of Gozag.
  3720 | D:5      | Noticed Eustachio
  3956 | D:6      | Found a shimmering altar of Xom.
  4032 | D:6      | Slain by a hornet zombie

Skill      XL: |  1  2  3  4  5  6  7 |
---------------+----------------------+-----
Spellcasting   | 5 |  5.6
Invocations    | 1 2 |  2.8
Short Blades   | 1 2 |  2.5
Axes           | 1 2 |  2.5
Maces & Flails | 1 2 |  2.5
Polearms       | 1 2 |  2.5
Staves         | 1 2 |  2.5
Slings         | 1 2 |  2.5
Bows           | 1 2 |  2.5
Crossbows      | 1 2 |  2.5
Throwing       | 1 2 |  2.5
Stealth        | 1 2 |  2.5
Shields        | 1 2 |  2.5
Unarmed Combat | 1 2 |  2.5
Evocations     | 1 2 |  2.5
Conjurations   | 1 2 |  2.1
Hexes          | 1 2 |  2.1
Summonings     | 1 2 |  2.1
Necromancy     | 1 2 |  2.1
Translocations | 1 2 |  2.1
Transmutations | 1 2 |  2.1
Fire Magic     | 1 2 |  2.1
Ice Magic      | 1 2 |  2.1
Air Magic      | 1 2 |  2.1
Earth Magic    | 1 2 |  2.1
Poison Magic   | 1 2 |  2.1
Armour         | 3 |  3.7
Fighting       | 5 |  5.3
Long Blades    | 5 |  5.3
Dodging        | 5 |  5.3
Charms         | |  5.8

Action                   |  1- 3 |  4- 6 |  7- 9 || total
-------------------------+-------+-------+-------++-------
Melee: Falchion          |    42 |       |       ||    42
       Bite              |     7 |    13 |    11 ||    31
       Mace              |    28 |   111 |       ||   139
       Trident           |       |    44 |    96 ||   140
Throw: Throwing net      |       |       |     1 ||     1
 Cast: Infusion          |     1 |     8 |     4 ||    13
       Song of Slaying   |       |     2 |       ||     2
       Shroud of Golubri |       |       |     1 ||     1
Evoke: Wand              |       |       |     1 ||     1
  Use: Scroll            |       |     8 |     2 ||    10
       Potion            |       |     2 |     3 ||     5
 Stab: Sleeping          |       |     1 |     1 ||     2
       Distracted        |       |     1 |       ||     1
       Held in net/web   |       |       |     1 ||     1
  Eat: Chunk             |     1 |     6 |       ||     7
       Ration            |       |       |     1 ||     1
Armor: Leather armour    |    13 |    40 |    25 ||    78
       Skin              |       |       |    25 ||    25
Dodge: Dodged            |    54 |   156 |    67 ||   277
       Rpst.: Falchion   |     9 |       |       ||     9
